 Dungeon Crawl Stone Soup version 0.27-a0-1202-ge72e49191c (webtiles) character file.

Game seed: 35376973635235669

312 27snakeeyes612 the Chopper (level 6, -13/57 HPs)
             Began as a Naga Fighter on June 4, 2021.
             Mangled by an ogre
             ... wielding a +0 giant club
              (26 damage)
             ... on level 4 of the Dungeon.
             The game lasted 00:02:20 (4129 turns).

27snakeeyes612 the Chopper (Naga Fighter)           Turns: 4129, Time: 00:02:21

Health: -13/57     AC:  5    Str: 21    XL:     6   Next: 42%
Magic:  6/6        EV:  6    Int:  8    God:
Gold:   186        SH:  9    Dex: 10    Spells: 5/5 levels left

rFire    . . .     SeeInvis +   a - +0 war axe
rCold    . . .     Faith    .   c - +0 kite shield
rNeg     . . .     Spirit   .   b - +0 scale mail
rPois    +         Reflect  .   (no helmet)
rElec    .         Harm     .   (no cloak)
rCorr    .         Rampage  .   (no gloves)
Will     .....                  (no barding)
Stlth    ..........             (no amulet)
HPRegen  0.19/turn              (no ring)
MPRegen  0.10/turn              (no ring)

@: very slow
A: AC +2, large, see invisible, deformed body, poison resistance, slowness 2,
spit poison 1, naga tail 1
a: Spit Poison


You were on level 4 of the Dungeon.
You visited 1 branch of the dungeon, and saw 4 of its levels.

You collected 186 gold pieces.

Inventory:

Hand Weapons
 a - a +0 war axe (weapon)
Armour
 b - a +0 scale mail (worn)
 c - a +0 kite shield (worn)
Jewellery
 k - a ring of fire
Scrolls
 e - a scroll of amnesia {unknown}
 i - a scroll of fear {unknown}
 j - a scroll of enchant armour {unknown}
Potions
 d - a potion of might
 f - a potion of attraction
 g - 2 potions of curing {unknown}
 h - a potion of brilliance {unknown}
 l - a potion of heal wounds {unknown}


   Skills:
 + Level 3.6 Fighting
 + Level 4.6 Axes
 + Level 3.3 Armour
 + Level 0.9 Dodging
 + Level 0.4 Stealth
 + Level 3.0 Shields
 * Level 0.9 Invocations


You had 5 spell levels left.
You didn't know any spells.
Your spell library was empty.

Dungeon Overview and Level Annotations

Branches:
Dungeon (4/15)
 Temple: D:4-7

Altars:
Ashenzari

Annotations:
D:2 1 runed translucent door, Crazy Yiuf


Innate Abilities, Weirdness & Mutations

Your serpentine skin is tough. (AC +2)
You have supernaturally acute eyesight. (SInv)
Armour fits poorly on your strangely shaped body.
Your system is resistant to poisons. (rPois)
You cover ground very slowly.
You can spit poison.
You have a snake-like lower body.


Message History

The quokka bites you but does no damage.
You block the quokka's attack.
Unknown command.
The quokka bites you but does no damage.
The quokka barely misses you.
You see here a jackal corpse.
Unknown command.
The quokka bites you.
Unknown command.
You slash the quokka!
You kill the quokka!
You start resting.
HP restored.
There is a stone staircase leading up here.
An ogre comes into view. It is wielding a +0 giant club.
The ogre shouts!
An ogre is nearby!
An ogre is nearby!
An ogre is nearby!
Abil: Spit Poison
Press: ? - help, Q - select action Shift-Dir - straight line, f - ogre
Aim: an ogre, wielding a +0 giant club The splash of poison misses the ogre.
The ogre hits you with a +0 giant club!!
Your shield prevents you from hitting the ogre.
The ogre hits you with a +0 giant club!!
Unknown command.
You hit the ogre.
The ogre is lightly wounded.
The ogre barely misses you.
Unknown command.
You hit the ogre.
The ogre is moderately wounded.
You have got your breath back.
The ogre hits you with a +0 giant club.
* * * LOW HITPOINT WARNING * * *
You hit the ogre.
The ogre is moderately wounded.
The ogre hits you with a +0 giant club!!
You die...

#..##.......#
#........... #
#.......#... ##.
#...........
##..#
##..........
.....#
###..รท).#####.
#...#####.....###
## #..O#.....#..#
# #..@..#####<##
# ##..### #..# #
#..# ##.## #
#..## #..## ###
#.. ##..###.. #..
#....... ...
#.....## #..#
#..#### #.##


You could see an ogre.

Vanquished Creatures
  2 hounds
  Jessica (D:2)
  Natasha (thrice) (D:2)
  4 adders (D:4)
  5 worms
  5 dart slugs
  An orc (D:3)
  5 endoplasms
  7 goblins
  8 hobgoblins
  14 jackals
  4 kobolds
  5 quokkas
  8 ball pythons
  7 bats
  6 frilled lizards
  9 rats
94 creatures vanquished.

Notes
Turn   | Place    | Note
-------+----------+-------------------------------------------
     0 | D:1      | 27snakeeyes612 the Naga Fighter began the quest for the
                  | Orb.
     0 | D:1      | Reached XP level 1. HP: 21/21 MP: 1/1
   131 | D:1      | Reached XP level 2. HP: 27/28 MP: 2/2
   470 | D:1      | Reached XP level 3. HP: 34/34 MP: 3/3
  1182 | D:2      | Noticed Jessica
  1185 | D:2      | Killed Jessica
  1186 | D:2      | Reached skill level 3 in Axes
  1186 | D:2      | Reached XP level 4. HP: 28/42 MP: 4/4
  1512 | D:2      | Noticed Natasha
  1524 | D:2      | Killed Natasha
  1913 | D:2      | Reached XP level 5. HP: 48/49 MP: 5/5
  2487 | D:2      | Noticed Natasha
  2502 | D:2      | Killed Natasha
  2503 | D:2      | Reached skill level 4 in Axes
  2522 | D:2      | Noticed Natasha
  2530 | D:2      | Killed Natasha
  2729 | D:2      | Found a runed translucent door.
  2730 | D:2      | Noticed Crazy Yiuf
  3040 | D:3      | Found a broken altar of Ashenzari.
  3120 | D:3      | Reached XP level 6. HP: 49/56 MP: 6/6
  4129 | D:4      | Mangled by an ogre

Illustrated notes

Levels and vault maps discovered:
D:1:      lightli_iron_boxes, layout_rooms
D:2:      minmay_chambers_of_ones, layout_loops_corners,
          chequers_serial_rivers_micro_a, grunt_ministairs_6, st_stairs_5,
          minmay_tromino_v4_c, uniq_natasha, uniq_crazy_yiuf_cottage,
          uniq_jessica
D:3:      layout_loops_ring, nicolae_ashenzari_skybound
D:4:      layout_layer_cave, ebering_ghost_inner_flame, uniq_eustachio,
          uniq_pikel

Skill      XL: |  1  2  3  4  5 |
---------------+----------------+-----
Axes           | 3 4 |  4.6
Armour         | 3 |  3.3
Shields        | 3 |  3.0
Fighting       | |  3.6
Dodging        | |  0.9
Stealth        | |  0.4
Invocations    | |  0.9

Action                   |  1- 3 |  4- 6 || total
-------------------------+-------+-------++-------
Melee: War axe           |    92 |   191 ||   283
 Abil: Spit Poison       |       |     2 ||     2
  Use: Scroll            |       |     1 ||     1
Armor: Scale mail        |    58 |   105 ||   163
Dodge: Dodged            |    34 |    51 ||    85
Block: Kite shield       |    50 |   112 ||   162

Table legend: (Time is in decaauts)
 A = Elapsed time spent in this place.
 B = Non-inter-level travel time spent in this place.
 C = Inter-level travel time spent in this place.
 D = Time resting spent in this place.
 E = Time spent auto-exploring this place.
 F = Levels seen in this place.
 G = Mean time per level.
                   A        B        C        D        E       F      G
               +--------+--------+--------+--------+--------+-----+--------+
         Total |   5135 |   4994 |    141 |     67 |   4233 |   4 | 1283.8 |
       Dungeon |   5135 |   4994 |    141 |     67 |   4233 |   4 | 1283.8 |
               +--------+--------+--------+--------+--------+-----+--------+

Top non-repeatable levels by time:
     D:2: 2519 daAuts
     D:1: 1176 daAuts
     D:3: 1088 daAuts
     D:4: 350 daAuts
